Map: Acropolis LE

Players

HellraiseR

  • Race: Protoss Protoss
  • Spawn Location: 5:00

llllllllllll (Stats) - Winner!

  • Race: Protoss Protoss
  • League: Master
  • Spawn Location: 11:00

Event: HomeStory Cup XX

VOD

Have the link to the VOD?

Description

Time

  • Played on: Nov. 22, 2019, 5:22 a.m.
  • Length: 4:27

All games in this series

Show
View Real Time Build Order
Export as new Build Order

HellraiseR Protoss 

Build Orders: Oracle Opening 

Get SALT Encoding   

  12  0:01  Probe  
  13  0:13  Probe  
  14  0:18  Pylon  
  14  0:23  Probe  
  15  0:32  Probe  
  15  0:37  Gateway  
  15  0:40  Probe  
  16  0:46  Assimilator  
  17  0:52  Probe  
  17  0:55  Assimilator  
  18  1:00  Probe  
  19  1:08  Probe, Gateway  
  20  1:18  Probe  
  20  1:24  Cybernetics Core  
  21  1:30  Probe  
  22  1:39  Pylon  
  22  1:42  Probe  
  23  2:00  Stargate  
  24  2:02  Adept x2  
  24  2:04  Probe  
  28  2:10  Warp Gate  
  28  2:14  Pylon  
  28  2:17  Probe  
  29  2:29  Probe  
  30  2:35  Adept x2  
  34  2:38  Oracle  
  36  3:09  Nexus  
  36  3:16  Twilight Council  
  36  3:20  Probe  
  37  3:27  Pylon  
  37  3:37  Pylon  
  37  3:45  Shield Battery  
  37  3:47  Pylon  
  38  3:50  Pylon  
  37  4:00  Sentry  
  39  4:03  Pylon  
  39  4:05  Stalker  
  41  4:15  Shield Battery x2  
Show
View Real Time Build Order
Export as new Build Order

llllllllllll Protoss - Winner!

Build Orders:  

Get SALT Encoding   

  12  0:00  Probe  
  13  0:12  Probe  
  14  0:17  Pylon  
  14  0:24  Probe  
  15  0:32  Probe  
  15  0:38  Gateway  
  15  0:40  Probe  
  16  0:45  Assimilator  
  17  0:51  Probe  
  17  0:54  Assimilator  
  18  1:00  Probe  
  19  1:07  Gateway  
  19  1:08  Probe  
  19  1:17  Probe  
  20  1:25  Cybernetics Core  
  21  1:29  Probe  
  22  1:32  Pylon  
  22  1:41  Probe  
  23  1:53  Probe  
  24  2:01  Warp Gate, Robotics Facility  
  24  2:05  Stalker  
  26  2:12  Stalker  
  28  2:19  Pylon  
  28  2:30  Shield Battery  
  28  2:35  Stalker  
  30  2:40  Immortal  
  30  2:42  Stalker  
  35  3:00  Shield Battery  
  35  3:07  Pylon  
  35  3:09  Sentry  
  37  3:18  Warp Prism  
  37  3:50  Stalker x2  
  37  3:55  Observer  
  42  4:03  Pylon  
  42  4:04  Pylon  
  42  4:22  Pylon  
  42  4:23  Adept x2  
Tags
 
Add a new tag
Caveats
  • Supply blocks, unpowered buildings, or Contaminate may cause inaccurate times.
  • Supply counts are checked every 10 seconds.